AoeStats
← u990221

Arena

509381849Analyzed
2v2 RM · 5d ago on Sep 26, 2026· 59m 56s· 4 players
Game mode
Random Map
Map size
Medium (4 player)
Population
200
Speed
Normal
Resources
Standard
Victory
Conquest
Starting age
Dark Age
Ending age
Imperial Age
RankedLock teamsTeams togetherTeam positionsShared explorationLock speedFull tech treeHidden civsTurbo modeCheats
Victory
Defeat
🇹🇼 Danes · Taiwan
1159
+14
🇹🇼 Dravidians · Taiwan
1137
+15
🇫🇷 Gurjaras · France
1124
-15
🇫🇷 Vietnamese · France
1092
-14
Carot
10:55 Feudal Age
12:31 Loom
15:40 Castle Age
14:26 Double-Bit Axe
15:10 Horse Collar
16:47 Bow Saw
17:05 Heavy Plow
19:51 Gold Mining
20:06 Town Watch
21:04 Wheelbarrow
26:23 Sanctity
35:57 Imperial Age
34:01 Forging
33:51 Scale Mail Armor
33:56 Padded Archer Armor
35:26 Hand Cart
35:55 Iron Casting
37:14 Conscription
37:30 Chain Mail Armor
39:30 Kshatriyas
39:50 Fletching
40:01 Padded Archer Armor
40:31 Plate Mail Armor
40:01 Elite Skirmisher
41:07 Ballistics
40:47 Bodkin Arrow
40:33 Elite Chakram Thrower
41:45 Fortified Wall
42:45 Crop Rotation
43:02 Bloodlines
42:52 Husbandry
42:54 Imperial Skirmisher
43:37 Bracer
43:52 Leather Archer Armor
44:11 Light Cavalry
45:06 Scale Barding Armor
45:03 Hussar
47:08 Thumb Ring
47:57 Hussar
50:17 Chain Barding Armor
51:31 Hoardings
53:29 Chemistry
58:10 Masonry
Malouda
10:40 Feudal Age
11:35 Double-Bit Axe
11:31 Horse Collar
12:22 Loom
16:59 Castle Age
18:58 Bow Saw
20:17 Wheelbarrow
25:09 Fletching
28:23 Crossbowman
29:10 Thumb Ring
29:12 Padded Archer Armor
30:29 Town Watch
33:15 Imperial Age
32:32 Bodkin Arrow
32:52 Leather Archer Armor
32:56 Hand Cart
33:21 Leather Archer Armor
34:13 Bracer
35:19 Chemistry
34:40 Ballistics
35:05 Town Patrol
35:07 Gold Mining
35:09 Stone Mining
37:01 Ring Archer Armor
36:25 Arbalester
38:05 Light Cavalry
38:54 Scale Barding Armor
39:15 Bloodlines
40:24 Chain Barding Armor
41:46 Scale Mail Armor
41:57 Forging
41:41 Pikeman
42:22 Squires
42:17 Halberdier
43:25 Chain Mail Armor
44:46 Plate Mail Armor
44:52 Iron Casting
Andre114514
10:10 Feudal Age
13:50 Castle Age
13:01 Double-Bit Axe
13:06 Horse Collar
15:02 Bow Saw
14:44 Gold Mining
14:55 Loom
22:19 Town Watch
26:19 Heavy Plow
26:57 Wheelbarrow
31:55 Imperial Age
29:46 Stone Mining
30:58 Hand Cart
31:39 Ballistics
31:11 Fletching
31:21 Padded Archer Armor
32:20 Bodkin Arrow
32:33 Thumb Ring
32:21 Elite Elephant Archer
32:26 Elite Skirmisher
32:27 Crossbowman
33:11 Bracer
33:26 Leather Archer Armor
34:15 Chemistry
34:46 Masonry
34:03 Elite Elephant Archer
37:31 Two-Man Saw
37:29 Ring Archer Armor
39:15 Conscription
39:04 Medical Corps
44:40 Siege Elephant
47:57 Pikeman
48:37 Squires
49:17 Halberdier
49:58 Scale Mail Armor
50:08 Forging
50:29 Wootz Steel
50:46 Hoardings
51:57 Chain Mail Armor
52:17 Iron Casting
52:53 Man-at-Arms
53:19 Gambesons
54:05 Plate Mail Armor
55:39 Arson
56:14 Long Swordsman
58:01 Blast Furnace
56:46 Two-Handed Swordsman
57:20 Champion
u990221
10:39 Feudal Age
15:06 Castle Age
13:36 Double-Bit Axe
20:51 Scale Mail Armor
24:07 Chain Mail Armor
27:36 Wheelbarrow
27:12 Bow Saw
27:23 Horse Collar
29:39 Heavy Plow
30:18 Hand Cart
33:35 Imperial Age
31:55 Gold Mining
31:59 Stone Mining
33:47 Forging
34:55 Northmen's Fury
34:58 Onager
36:16 Conscription
36:01 Loom
36:02 Town Watch
37:26 Plate Mail Armor
37:32 Iron Casting
37:54 Siege Onager
40:40 Blast Furnace
41:59 Siege Engineers
42:55 Chemistry
52:21 Pikeman
53:02 Squires
53:56 Gold Shaft Mining
54:16 Man-at-Arms
54:17 Halberdier
Connection lost

Rejoining the realm…

Still unreachable

The connection could not be restored.

Session expired

The server has moved on; the page needs a fresh start.